 Dungeon Crawl Stone Soup version 0.13-a0-2244-g236abbe (webtiles) character file.

486 Kae the Firebug (level 5, -5/28 HPs)
             Began as a Deep Elf Fire Elementalist on July 5, 2013.
             Slain by a gnoll shaman
             ... wielding a +0,+0 whip
              (8 damage)
             ... on Level 4 of the Dungeon.
             The game lasted 00:05:42 (3073 turns).

Kae the Firebug (Deep Elf Fire Elementalist)        Turns: 3073, Time: 00:05:43

HP  -5/28        AC  3     Str  6      XL: 5   Next: 82%
MP  11/15        EV  7     Int 20      God:
Gold 244         SH  0     Dex 20      Spells:  4 memorised,  0 levels left

Res.Fire  : . . .   See Invis. : .   (no weapon)
Res.Cold  : . . .   Warding    : .   a - +0 elf robe
Life Prot.: . . .   Conserve   : .   (no shield)
Res.Poison: .       Res.Corr.  : .   (no helmet)
Res.Elec. : .       Clarity    : .   (no cloak)
Sust.Abil.: . .     Spirit.Shd : .   (no gloves)
Res.Mut.  : .       Stasis     : .   u - +0 pair of boots
Res.Rott. : .       Flight     : .   (no amulet)
Saprovore : . . .                    (no ring)
                                     p - +5 ring of dexterity

@: petrifying, about to teleport, glowing, very slow, slightly resistant to
hostile enchantments, unstealthy
A: no striking features
a: no special abilities


You were on level 4 of the Dungeon.
You were not hungry.

You visited 1 branch of the dungeon, and saw 4 of its levels.

You collected 224 gold pieces.

Inventory:

Armour
 a - a +0 elven robe (worn)
 u - a +0 pair of boots (worn)
Magical devices
 q - a wand of polymorph (0)
Comestibles
 c - a bread ration
 k - 7 sultanas
Scrolls
 i - 2 scrolls of identify
 o - a scroll of amnesia
Jewellery
 p - a +5 ring of dexterity (left hand)
Potions
 d - a potion of degeneration {unknown}
 f - 3 potions of curing
 h - a potion of heal wounds {unknown}
 j - a potion of magic {unknown}
 m - a potion of brilliance {unknown}
Books
 b - a book of Flames

   Spells                             Type                      Level
   *Flame Tongue                      Conjuration/Fire             1
   *Throw Flame                       Conjuration/Fire             2
   *Conjure Flame                     Conjuration/Fire             3
   Inner Flame                        Hexes/Fire                   3
   *Sticky Flame                      Conjuration/Fire             4
   Fireball                           Conjuration/Fire             5
 r - a book of the Earth

   Spells                             Type                      Level
   Dig                                Earth                        4
   Leda's Liquefaction                Hexes/Earth                  4
   Bolt of Magma                      Conjuration/Fire/Earth       5
   Statue Form                        Transmutation/Earth          6
   Iron Shot                          Conjuration/Earth            6
   Shatter                            Earth                        9
 w - a book of Enchantments

   Spells                             Type                      Level
   Cause Fear                         Hexes                        4
   Silence                            Hexes/Air                    5
   Tukima's Dance                     Hexes                        5
   Deflect Missiles                   Charms/Air                   6
   Haste                              Charms                       6


   Skills:
 - Level 2.6 Dodging
 - Level 2.6 Stealth
 + Level 3.1 Spellcasting
 * Level 3.8 Conjurations
 + Level 5.4 Fire Magic


You couldn't memorise any spells.
You knew the following spells:

 Your Spells              Type           Power        Failure   Level  Hunger
a - Flame Tongue          Conj/Fire      ###..        2%          1    None
b - Throw Flame           Conj/Fire      ###...       3%          2    ##.....
c - Conjure Flame         Conj/Fire      ###.....     10%         3    ###....
d - Sticky Flame          Conj/Fire      ###.....     24%         4    ####...


Dungeon Overview and Level Annotations

Branches:
Dungeon (4/27)
 Temple: D:4-7

Altars:


Message History

The gnoll shaman calls down the wrath of its god upon you.
You resist.
The gnoll shaman calls down the wrath of its god upon you.
You are outlined in light.
The gnoll shaman hits you with a whip.
* * * LOW HITPOINT WARNING * * *
The gnoll shaman hits you with a glowing whip.
* * * LOW HITPOINT WARNING * * *
You turn to flesh and can move again.
Unknown command.
Unknown command.
Unknown command.
Unknown command.
Read which item? (? for menu, Esc to quit)
As you read the scroll of teleportation, it crumbles to dust.
You feel strangely unstable.
The gnoll shaman mumbles some strange prayers to its god against you.
You are slowing down.
The gnoll shaman hits you with a whip!
You die...

*,,,,≈≈*,,,*,,,,,,,,,,,,,,,,,,,
*,,,,≈≈*,,, ******************
*,,,,≈≈***+*,,,,+,,,,,,,,,,,,,,
*,,, ≈≈ ,* ,,,,,**###****** ***
*,,,,≈≈≈,##*,,,, ....,,*8,,8*,,
*, ,,≈≈≈,#.##++##..#8,,+,,,,+ ,
*, , ≈≈,#.........#8.,+, ,,+,,
*,,,,≈≈≈,#....gg)......*,, ,*,,
*,,,,≈≈≈,*,##'@##****** ,,,,***
*,,,,≈≈≈,###.^..#,*,,,,*,, ,*,,
*,,,,≈≈≈,#...().#,**,***,,,,*,*
*,,,, ≈**#+#....+,,,,,,* ,,,*,,
* ,,,≈≈*,, ######*******++++***
*,,,,≈≈*,,,*,,,,,,,,,,,,,,,,,,,
*,,,,≈ *****≈≈≈≈≈≈≈≈≈≈≈ ,,,,≈≈≈
*,,,,≈≈≈≈≈≈≈≈≈≈≈≈≈≈≈≈≈≈≈,,,,≈≈≈
*,,,,≈≈≈≈≈≈ ≈≈≈≈≈≈≈≈≈≈≈≈,,,,≈≈≈


You could see 2 gnoll shamans.

Vanquished Creatures
  A giant frog (D:3)
  Jessica (D:2)
  5 adders (D:3)
  6 gnolls
  2 giant geckos
  An ooze (D:1)
  An orc (D:3)
  2 ball pythons
  5 bats
  A giant cockroach (D:3)
  7 goblins
  4 hobgoblins
  A quokka (D:3)
  3 giant newts
  7 kobolds
  11 rats
58 creatures vanquished.

Vanquished Creatures (others)
  A kobold (D:1)
1 creature vanquished.

Grand Total: 59 creatures vanquished

Notes
Turn   | Place    | Note
--------------------------------------------------------------
     0 | D:1      | Kae, the Deep Elf Fire Elementalist, began the quest for the Orb.
     0 | D:1      | Reached XP level 1. HP: 10/10 MP: 4/4
   271 | D:1      | Reached XP level 2. HP: 13/15 MP: 4/6
   276 | D:1      | Learned a level 2 spell: Throw Flame
  1123 | D:2      | Noticed Jessica
  1161 | D:2      | Killed Jessica
  1161 | D:2      | Reached skill level 4 in Fire Magic
  1161 | D:2      | Reached XP level 3. HP: 15/19 MP: 6/9
  1837 | D:3      | Reached XP level 4. HP: 16/24 MP: 12/12
  2200 | D:3      | Learned a level 3 spell: Conjure Flame
  2260 | D:3      | Noticed a giant frog
  2267 | D:3      | Killed a giant frog
  2267 | D:3      | Reached skill level 5 in Fire Magic
  2267 | D:3      | Reached XP level 5. HP: 8/28 MP: 6/15
  3006 | D:3      | Learned a level 4 spell: Sticky Flame
  3073 | D:4      | Slain by a gnoll shaman

Action                   |  1- 3 |  4- 6 || total
-------------------------+-------+-------++-------
Melee: Unarmed           |    45 |     3 ||    48
 Cast: Flame Tongue      |    54 |    49 ||   103
       Throw Flame       |       |     4 ||     4
  Use: Scroll            |       |    12 ||    12
